[Event "Team 45 45 League T54"]
[Site "Internet Chess Club"]
[Date "2012.08.17"]
[Round "1"]
[White "AlPearson"]
[Black "Toalla"]
[Result "1/2-1/2"]
[WhiteElo "1239"]
[BlackElo "1290"]
[Opening "King's Indian defense, 3.Nc3"]
[ECO "E61"]
[Time "13:07:14"]
[TimeControl "2700+45"]

1. d4 Nf6 2. c4 g6 3. Nc3 Bg7 4. Nf3 e6 5. Bg5 O-O 6. e4 h6 7. Bxf6 Qxf6 8. Be2
c5 9. e5 Qe7 10. dxc5 Qxc5 11. Ne4 Qb4+ 12. Qd2 Qxd2+ 13. Kxd2 Nc6 14. Nd6 Bxe5
15. Nxe5 Nxe5 16. f4 Nc6 17. Rhd1 b6 18. Bf3 Rd8 19. Ke1 Rb8 20. Rd2 Kf8 21.
Rad1 Ke7 22. Nxf7 Kxf7 23. Bxc6 Ke7 24. Ke2 d6 25. Ke3 Bb7 26. Be4 Bxe4 27. Kxe4
Rb7 28. g4 Rbd7 29. f5 g5 30. fxe6 Kxe6 31. Rd5 Rc8 32. b3 Rc5 33. Rxc5 bxc5 34.
Rd5 Rf7 35. Rf5 Re7 36. Rf8 Kd7+ 37. Kd3 Kc6 38. Rf6 Rh7 39. Ke4 Re7+ 40. Kf5
Re2 41. Rxh6 Rxa2 42. Kxg5 Rb2 43. Rh3 a5 44. Kf4 Rf2+ 45. Rf3 Rxh2 46. Rg3 Rf2+
47. Ke4 Re2+ 48. Kd3 Re7 49. g5 d5 50. g6 Rg7 51. cxd5+ Kxd5 52. Rg5+ Kc6 53.
Kc4 Kb6 54. Rxc5 Rxg6 55. Rc8 Rc6+ 56. Rxc6+ Kxc6 57. b4 axb4 58. Kxb4 {Game
drawn because neither player has mating material} 1/2-1/2

[Event "Team 45 45 League T54"]
[Site "Internet Chess Club"]
[Date "2012.08.20"]
[Round "1"]
[White "nanning"]
[Black "clarinetref"]
[Result "1-0"]
[WhiteElo "1699"]
[BlackElo "1619"]
[Opening "King's Indian: fianchetto, classical main line"]
[ECO "E69"]
[Time "10:06:05"]
[TimeControl "2700+45"]

1. d4 Nf6 2. c4 g6 3. g3 Bg7 4. Bg2 O-O 5. Nf3 d6 6. Nc3 c6 7. O-O Nbd7 8. e4 e5
9. h3 Re8 10. Be3 a6 11. a4 exd4 12. Nxd4 Ne5 13. b3 Qc7 14. Kh2 Be6 15. Nxe6
Rxe6 16. Rc1 Rd8 17. Qe2 Qe7 18. Rfd1 Ned7 19. b4 d5 20. exd5 cxd5 21. Nxd5 Nxd5
22. Bxd5 Re5 23. b5 axb5 24. cxb5 Bh6 25. Rc3 Nb6 26. Bb3 Rxd1 27. Qxd1 Bxe3 28.
fxe3 Rxe3 29. Bxf7+ Kxf7 30. Qb3+ Qe6 31. Rxe3 Qxb3 32. Rxb3 Nxa4 33. Kg2 b6 34.
Kf3 Nc5 35. Rc3 Ne6 36. Ke3 Nc5 37. Rxc5 bxc5 38. b6 {Black resigns} 1-0

[Event "Team 45 45 League T54"]
[Site "Internet Chess Club"]
[Date "2012.08.17"]
[Round "1"]
[White "PostMike"]
[Black "tryanything"]
[Result "0-1"]
[WhiteElo "1436"]
[BlackElo "1599"]
[Opening "two knights defense: Fritz variation"]
[ECO "C57"]
[Time "06:30:52"]
[TimeControl "2700+45"]

1. e4 e5 2. Nf3 Nc6 3. Bc4 Nf6 4. Ng5 d5 5. exd5 Nd4 6. c3 b5 7. Bf1 Nxd5 8.
cxd4 Qxg5 9. Bxb5+ Kd8 10. O-O Bb7 11. Qf3 Rb8 12. dxe5 Nb4 13. Qh3 Qxg2+ 14.
Qxg2 Bxg2 15. Kxg2 Rxb5 16. Na3 Rxe5 17. d4 Rd5 18. Be3 Bd6 19. Nc4 Nc2 20. Rac1
Nxe3+ 21. fxe3 Rg5+ 22. Kh3 Rh5+ 23. Kg4 Rxh2 24. Rxf7 h5+ 25. Kg5 Be7+ 26. Kf5
Rf2+ 27. Ke6 Rh6+ {White resigns} 0-1

[Event "Team 45 45 League T54"]
[Site "Internet Chess Club"]
[Date "2012.08.16"]
[Round "1"]
[White "JohLeb"]
[Black "jjaillet2007"]
[Result "1-0"]
[WhiteElo "1359"]
[BlackElo "1323"]
[Opening "QGD: Tarrasch defense"]
[ECO "D32"]
[Time "20:45:08"]
[TimeControl "2700+45"]

1. d4 d5 2. c4 e6 3. Nf3 c5 4. cxd5 exd5 5. Nc3 Nf6 6. Bg5 Be6 7. e3 a6 8. Be2
cxd4 9. Nxd4 Be7 10. Nxe6 fxe6 11. O-O O-O 12. Qb3 b5 13. Rad1 Nfd7 14. Bxe7
Qxe7 15. Nxd5 Qc5 16. Nc3 Ne5 17. Qxe6+ Nf7 18. Rd5 Qe7 19. Qxe7 {Black resigns}
1-0

[Event "Team 45 45 League T54"]
[Site "Internet Chess Club"]
[Date "2012.08.15"]
[Round "1"]
[White "charles-allen"]
[Black "H2-0"]
[Result "1-0"]
[WhiteElo "1918"]
[BlackElo "1826"]
[Opening "Caro-Kann: Panov-Botvinnik attack"]
[ECO "B13"]
[Time "20:00:35"]
[TimeControl "2700+45"]

1. e4 c6 2. d4 d5 3. exd5 cxd5 4. c4 Nf6 5. Nc3 Bf5 6. Qb3 Qb6 7. Qxb6 axb6 8.
cxd5 Nbd7 9. Bb5 e6 10. dxe6 Bxe6 11. Nf3 Bd6 12. O-O O-O 13. Re1 h6 14. Ne5
Rfd8 15. Bf4 Nf8 16. Bg3 Bb4 17. a3 Bxc3 18. bxc3 Nd5 19. Rec1 Nf6 20. Nc4 Bxc4
21. Bxc4 Rac8 22. Bd3 Ne6 23. Be5 Ng4 24. Bg3 Nf6 25. f3 Nd5 26. Be1 Nef4 27.
Bf1 Ne3 28. Bd2 Nfd5 29. Bxe3 Nxe3 30. Rab1 Rd6 31. Kf2 Re6 32. Bd3 Re7 33. c4
f5 34. Rxb6 Ra8 35. Rb3 f4 36. g3 g5 37. d5 Rd8 38. Be4 Rc7 39. gxf4 gxf4 40.
Rg1+ Kf8 41. Rg6 Rxc4 42. Rxb7 Nxd5 43. Rxh6 Ne7 44. Rh8+ Ng8 45. Bg6 Rc2+ 46.
Bxc2 Re8 47. Bg6 Re2+ 48. Kf1 Re1+ 49. Kg2 Re2+ 50. Kh3 Rxh2+ 51. Kg4 Rg2+ 52.
Kf5 Rg5+ 53. Kxf4 Rg4+ 54. Ke3 Rxg6 55. Rb8+ Kf7 56. Rhxg8 {Black resigns} 1-0

[Event "Team 45 45 League T54"]
[Site "Internet Chess Club"]
[Date "2012.08.19"]
[Round "1"]
[White "SimplyClaudia"]
[Black "SymbolicJester"]
[Result "1-0"]
[WhiteElo "1810"]
[BlackElo "1861"]
[Opening "QGD semi-Slav: 5.e3"]
[ECO "D45"]
[Time "21:08:09"]
[TimeControl "2700+45"]

1. d4 d5 2. c4 Nf6 3. Nc3 e6 4. Nf3 c6 5. e3 Bb4 6. Qc2 O-O 7. Bd3 Nbd7 8. O-O
Re8 9. e4 dxc4 10. Bxc4 e5 11. Bxf7+ Kxf7 12. Qb3+ Kf8 13. Qxb4+ Qe7 14. Qb3
exd4 15. Nxd4 Nc5 16. Qc2 Qe5 17. Nf3 Qh5 18. Re1 Bg4 19. Nd4 Rad8 20. Nb3 Ncxe4
21. Nxe4 Nxe4 22. Be3 Bf5 23. Bc5+ Kg8 24. Qc4+ Kh8 25. Bxa7 Nf6 26. Bd4 Qg6 27.
Qc3 Nd5 28. Qg3 Qf7 29. Re5 Bg6 30. Rae1 Nf6 31. Qc3 Nd5 32. Rxe8+ Rxe8 33.
Rxe8+ Qxe8 34. Bxg7+ Kg8 35. Qe5 Qd7 36. Bh6 Nf4 37. h4 Nd3 38. Qf6 b6 39. Qf8#
{Black checkmated} 1-0

[Event "Team 45 45 League T54"]
[Site "Internet Chess Club"]
[Date "2012.08.19"]
[Round "1"]
[White "j65536d"]
[Black "flyingpawns"]
[Result "1-0"]
[WhiteElo "1845"]
[BlackElo "1800"]
[Opening "French: Tarrasch, open variation"]
[ECO "C07"]
[Time "13:06:12"]
[TimeControl "2700+45"]

1. e4 e6 2. d4 d5 3. Nd2 c5 4. c3 a6 5. Bd3 Nc6 6. Ne2 Nf6 7. e5 Nd7 8. f4 Qb6
9. Nf3 Be7 10. O-O Qc7 11. g4 b6 12. f5 Bb7 13. Ng5 Qd8 14. Nxf7 Kxf7 15. fxe6+
Ke8 16. exd7+ Kxd7 17. Nf4 g6 18. Nxd5 Nxe5 19. Be4 Nc6 20. Nxb6+ Ke8 21. Nxa8
Bxa8 22. Be3 cxd4 23. cxd4 Rf8 24. Rxf8+ Kxf8 25. Qf3+ {Black resigns} 1-0

[Event "Team 45 45 League T54"]
[Site "Internet Chess Club"]
[Date "2012.08.17"]
[Round "1"]
[White "TwoEqualsOne"]
[Black "ChessicalZ"]
[Result "0-1"]
[WhiteElo "1800"]
[BlackElo "1864"]
[Opening "Budapest: Adler variation"]
[ECO "A52"]
[Time "19:00:39"]
[TimeControl "2700+45"]

1. d4 Nf6 2. c4 e5 3. dxe5 Ng4 4. Nf3 Bc5 5. e3 Nc6 6. Nc3 Ngxe5 7. Nxe5 Nxe5 8.
Be2 O-O 9. Na4 Bb4+ 10. Bd2 Qe7 11. O-O Bxd2 12. Qxd2 d6 13. Nc3 Be6 14. b3 c6
15. Rad1 Rfd8 16. f4 Ng4 17. h3 Nf6 18. e4 d5 19. cxd5 cxd5 20. e5 Ne4 21. Nxe4
dxe4 22. Qe3 Bd5 23. Rd2 b6 24. Rfd1 Bb7 25. Bg4 Rxd2 26. Rxd2 Rd8 27. Rxd8+
Qxd8 28. Be2 Kf8 29. Qc3 Qc8 30. Qxc8+ Bxc8 31. Kf2 Ke7 32. Ke3 f6 33. exf6+
Kxf6 34. g4 Bb7 35. h4 h6 36. Bf1 g5 37. fxg5+ hxg5 38. h5 Bc8 39. Be2 Ke5 40.
h6 Kf6 41. Kxe4 Bb7+ 42. Kd4 Kg6 43. Ke5 Kxh6 44. Kf6 Be4 45. Bc4 Bf3 46. Be6
Be4 47. Bf5 Bg2 48. b4 a5 49. b5 Bd5 50. Ke5 Bxa2 51. Kd6 a4 52. Kc6 a3 53. Kxb6
Bc4 54. Bb1 a2 55. Bxa2 Bxa2 56. Kc6 Bb1 57. Kd6 {White resigns} 0-1

[Event "Team 45 45 League T54"]
[Site "Internet Chess Club"]
[Date "2012.08.19"]
[Round "1"]
[White "FourKnights"]
[Black "MII231487"]
[Result "1-0"]
[WhiteElo "1779"]
[BlackElo "1920"]
[Opening "King's Indian: fianchetto with ...Nd7"]
[ECO "E67"]
[Time "14:04:09"]
[TimeControl "2700+45"]

1. d4 Nf6 2. c4 g6 3. Nc3 Bg7 4. Nf3 O-O 5. g3 d6 6. Bg2 Nbd7 7. O-O c6 8. Bg5
h6 9. Bf4 Nh5 10. Bd2 e5 11. dxe5 dxe5 12. e4 Kh7 13. Rc1 a5 14. Be3 Qe7 15. Qc2
Nhf6 16. h3 Re8 17. Rfd1 Nf8 18. Rd2 g5 19. Rcd1 Ng6 20. Na4 Nd7 21. Kh2 Bf8 22.
Kg1 Qe6 23. a3 Be7 24. Kh2 Rg8 25. Rd3 Nf4 26. gxf4 gxf4 27. Bc1 b5 28. cxb5
cxb5 29. Nc3 Nc5 30. Rd5 Rg3 31. fxg3 fxg3+ 32. Kg1 f6 33. Qd2 Bf8 34. Rd8 Bg7
35. Qd6 Qxd6 36. R1xd6 b4 37. Rc6 bxc3 38. Rxc5 cxb2 39. Bxb2 Rb8 40. Rc2 Rb3
41. Rdxc8 Re3 42. R8c4 h5 43. Bc1 Rd3 44. Rd2 Rb3 45. Nh4 Rb1 46. Nf5 Bf8 47.
Bf1 Kg6 48. Nxg3 Rb3 49. Rd3 Rb1 50. Kg2 h4 51. Nf5 Ra1 52. Nxh4+ Kh5 53. Nf5
Ra2+ 54. Rd2 Rxd2+ 55. Bxd2 a4 56. Rxa4 Bc5 57. Ra6 Bf8 58. a4 Bh6 59. Nxh6 Kh4
60. Ra8 {Black resigns} 1-0

[Event "Team 45 45 League T54"]
[Site "Internet Chess Club"]
[Date "2012.08.20"]
[Round "1"]
[White "ramirozp"]
[Black "pishd"]
[Result "1-0"]
[WhiteElo "1836"]
[BlackElo "1712"]
[Opening "Caro-Kann: exchange variation"]
[ECO "B13"]
[Time "04:06:54"]
[TimeControl "2700+45"]

1. e4 c6 2. d4 d5 3. exd5 cxd5 4. Bd3 Nc6 5. c3 Qc7 6. Ne2 Bg4 7. Bf4 Qxf4 8.
Nxf4 Bxd1 9. Kxd1 Nf6 10. h3 e6 11. Bb5 Ne4 12. Nd3 a6 13. Bxc6+ bxc6 14. Nd2
Nxd2 15. Kxd2 Bd6 16. Rhe1 Ke7 17. Ne5 Rhc8 18. Re2 c5 19. dxc5 Rxc5 20. f4 d4
21. cxd4 Rd5 22. Kd3 Rc8 23. f5 f6 24. Nf3 e5 25. g4 g6 26. Ke4 Ra5 27. dxe5
Bxe5 28. Rd1 Ra4+ 29. Kd3 Ra5 30. Ke3 gxf5 31. gxf5 Rxa2 32. Rd5 Rxb2 33. Rxe5+
fxe5 34. Rxb2 Kf6 35. Ke4 Rc4+ 36. Kd5 Rc3 37. Nxe5 Kxf5 38. h4 Re3 39. Rf2+
{Black resigns} 1-0

[Event "Team 45 45 League T54"]
[Site "Internet Chess Club"]
[Date "2012.08.17"]
[Round "1"]
[White "bgolev"]
[Black "kllrchris"]
[Result "1-0"]
[WhiteElo "1826"]
[BlackElo "1714"]
[Opening "King's Indian: fianchetto with ...Nd7"]
[ECO "E67"]
[Time "21:36:33"]
[TimeControl "2700+45"]

1. d4 Nf6 2. Nf3 d6 3. c4 g6 4. Nc3 Bg7 5. g3 O-O 6. Bg2 Nbd7 7. O-O c6 8. b3 e5
9. e3 a5 10. Bb2 Qe7 11. Re1 Re8 12. a4 Nb8 13. Qc2 Na6 14. Rad1 Bf5 15. e4 Nb4
16. Qb1 Bg4 17. h3 Bc8 18. dxe5 dxe5 19. Na2 Nh5 20. Nxb4 Qxb4 21. Re3 Qb6 22.
g4 Nf4 23. Qc2 {Black forfeits on time} 1-0

[Event "Team 45 45 League T54"]
[Site "Internet Chess Club"]
[Date "2012.08.19"]
[Round "1"]
[White "nanning"]
[Black "timothysmall56"]
[Result "1-0"]
[WhiteElo "1685"]
[BlackElo "1675"]
[Opening "Dutch: Leningrad, main variation with c6"]
[ECO "A88"]
[Time "10:00:10"]
[TimeControl "2700+45"]

1. d4 f5 2. g3 Nf6 3. c4 g6 4. Bg2 Bg7 5. Nf3 O-O 6. Nc3 c6 7. O-O d6 8. Rb1 Be6
9. c5 dxc5 10. dxc5 Nd5 11. Qb3 b5 12. Ng5 {Black resigns} 1-0

[Event "Team 45 45 League T54"]
[Site "Internet Chess Club"]
[Date "2012.08.16"]
[Round "1"]
[White "carokantor"]
[Black "koni"]
[Result "1-0"]
[WhiteElo "2113"]
[BlackElo "1891"]
[Opening "King's pawn opening"]
[ECO "B07"]
[Time "14:02:54"]
[TimeControl "2700+45"]

1. e4 d6 2. c4 e5 3. Nc3 f5 4. d4 exd4 5. Qxd4 Nc6 6. Qe3 Be7 7. Bd3 fxe4 8.
Nxe4 Ne5 9. Be2 Bf5 10. Ng3 Bg6 11. f4 Nd7 12. Bh5 Ngf6 13. Bxg6+ hxg6 14. Nf3
Nf8 15. h3 Qd7 16. a4 Qc6 17. b3 Qb6 18. a5 Qxe3+ 19. Bxe3 Ne6 20. f5 gxf5 21.
Nxf5 g6 22. Nxe7 Kxe7 23. O-O a6 24. Rae1 Rhf8 25. Bh6 Rfe8 26. Ng5 Kd7 27. Rxf6
Nxg5 28. Rxe8 Nxh3+ 29. gxh3 Rxe8 30. Rxg6 Re1+ 31. Kf2 Rb1 32. Rg3 Rb2+ 33. Ke1
{Black resigns} 1-0

[Event "Team 45 45 League T54"]
[Site "Internet Chess Club"]
[Date "2012.08.18"]
[Round "1"]
[White "kabindra"]
[Black "Tobiasdelmonte"]
[Result "0-1"]
[WhiteElo "1731"]
[BlackElo "1848"]
[Opening "Alekhine's defense: modern, Larsen variation"]
[ECO "B04"]
[Time "15:00:08"]
[TimeControl "2700+45"]

1. e4 Nf6 2. e5 Nd5 3. d4 d6 4. Nf3 dxe5 5. Nxe5 c6 6. c4 Nb4 7. a3 Qxd4 8. Nxf7
Qe4+ 9. Kd2 Kxf7 10. axb4 e5 11. c5 Bxc5 12. Qf3+ Qxf3 13. gxf3 Bxb4+ 14. Kc2
Bf5+ 15. Kb3 a5 16. Bc4+ Be6 17. Bxe6+ Kxe6 18. Nc3 Nd7 19. Be3 Rhf8 20. Ne4 h6
21. Rhg1 g5 22. h4 gxh4 23. Rg6+ Ke7 24. Rxh6 Rxf3 25. Rh7+ Ke8 26. Rh8+ Nf8 27.
Kc2 Rd8 28. Bg5 Rd4 29. Nf6+ Kf7 30. Bxh4 Rc4+ 31. Kb1 Rxh4 32. Rxh4 Kxf6 33.
Rh2 Ng6 34. Ka2 Bc5 35. Rc1 b6 36. Rg1 Nf4 37. Rh6+ Kf5 38. Rxc6 Rxf2 39. Rc8
Rxb2+ 40. Kxb2 Bxg1 41. Kc2 Ke4 42. Rc4+ Bd4 43. Kd2 Nd5 44. Ke2 a4 45. Kd2 b5
46. Rc8 a3 47. Ra8 b4 48. Kc2 Nc3 49. Kb3 Nd5 50. Ra5 Bb2 51. Kc4 Bc3 52. Kb3
Kd4 53. Kc2 Kc4 54. Ra4 a2 {White resigns} 0-1

[Event "Team 45 45 League T54"]
[Site "Internet Chess Club"]
[Date "2012.08.20"]
[Round "1"]
[White "cityprosecutor"]
[Black "subterfuge"]
[Result "1-0"]
[WhiteElo "1750"]
[BlackElo "1743"]
[Opening "Caro-Kann: exchange variation"]
[ECO "B13"]
[Time "19:31:59"]
[TimeControl "2700+45"]

1. e4 c6 2. d4 d5 3. exd5 cxd5 4. Bd3 Nf6 5. c3 Nc6 6. f4 e6 7. Nf3 Bd6 8. O-O
Bd7 9. Ne5 Qe7 10. Nd2 O-O-O 11. b4 Rdg8 12. b5 Na5 13. Qa4 b6 14. Nb3 Bc7 15.
Ba3 Qe8 16. Bb4 Nc4 17. Nxc4 dxc4 18. Qxa7 Bxb5 19. a4 cxd3 20. axb5 Qxb5 21.
Qa8+ Kd7 22. Qb7 Rb8 23. Qf3 Nd5 24. f5 e5 25. Nc5+ Kc6 26. Na6 Ra8 27. c4 Qxc4
28. Rac1 Qc2 29. Nxc7 {Black resigns} 1-0

[Event "Team 45 45 League T54"]
[Site "Internet Chess Club"]
[Date "2012.08.17"]
[Round "1"]
[White "vigneshv"]
[Black "cys456"]
[Result "0-1"]
[WhiteElo "1578"]
[BlackElo "1827"]
[Opening "Nimzo-Indian: Fischer variation"]
[ECO "E43"]
[Time "10:12:39"]
[TimeControl "2700+45"]

1. d4 Nf6 2. c4 e6 3. Nc3 Bb4 4. e3 b6 5. Nf3 Bb7 6. Bd3 Ne4 7. Qc2 f5 8. O-O
Bxc3 9. bxc3 O-O 10. Nd2 Nxd2 11. Bxd2 d5 12. f3 g6 13. cxd5 exd5 14. c4 c6 15.
cxd5 cxd5 16. Rfc1 Nc6 17. Bb5 Rc8 18. Qb2 a6 19. Bxc6 Rxc6 20. Rxc6 Bxc6 21.
Rc1 Bb5 22. Qc2 Bc4 23. e4 b5 24. e5 Qb6 25. Bc3 Re8 26. Re1 Re6 27. a3 a5 28.
Qb2 Re8 29. Re3 Rb8 30. Qb1 b4 31. a4 bxc3 32. Qxb6 Rxb6 33. Rxc3 Kf7 34. Re3
Ke6 35. Kf2 Rb2+ 36. Kg3 Ra2 {White resigns} 0-1

[Event "Team 45 45 League T54"]
[Site "Internet Chess Club"]
[Date "2012.08.21"]
[Round "1"]
[White "LucaTrapani"]
[Black "minke"]
[Result "1-0"]
[WhiteElo "1825"]
[BlackElo "1889"]
[Opening "Modern defense"]
[ECO "A40"]
[Time "08:00:28"]
[TimeControl "2700+45"]

1. d4 g6 2. c4 Bg7 3. Nc3 f5 4. g3 Nf6 5. Bg2 O-O 6. Nh3 d6 7. e4 fxe4 8. Ng5
Bg4 9. Qc2 Nc6 10. Be3 Nb4 11. Qd2 Nd3+ 12. Kf1 c5 13. h3 Bd7 14. d5 Ne5 15. b3
Qc8 16. Re1 Nf3 17. Bxf3 exf3 18. Ne6 Bxe6 19. dxe6 Qxe6 20. Bxc5 Qf5 21. Be3 a6
22. Bb6 Rae8 23. Kg1 Qh5 24. Re6 Qf5 25. Qe3 Kf7 26. Re4 Nxe4 27. Nxe4 Kg8 28.
Kh2 h5 29. h4 Be5 30. Bd4 e6 31. Rd1 d5 32. Ng5 Bxd4 33. Rxd4 dxc4 34. Rxc4 Qd5
35. Re4 e5 36. Nxf3 Qf7 37. Kg2 Qf5 38. Nxe5 Re6 39. Qd4 Rfe8 40. Qd5 Kg7 41. f4
R8e7 42. Qd4 Kh7 43. Qc4 Rd6 44. Re2 b5 45. Qc5 Rde6 46. Qd4 Rc6 47. Rd2 Rc2 48.
Qd8 Rxd2+ 49. Qxd2 Rc7 50. Qd4 Qc2+ 51. Kh3 Qf5+ 52. Kg2 Rc2+ 53. Kf3 Qh3 54.
Qa7+ Kh8 55. Nxg6+ Kg8 56. Ne7+ Kf8 57. Ng6+ Kg8 58. Qb8+ Kg7 59. Qe5+ Kxg6 60.
Qg5+ Kf7 61. Qxh5+ Ke7 62. Qh7+ Kf6 63. Qxc2 Qf1+ 64. Kg4 Qe1 65. Qf5+ Kg7 66.
Qe5+ {Black resigns} 1-0

[Event "Team 45 45 League T54"]
[Site "Internet Chess Club"]
[Date "2012.08.17"]
[Round "1"]
[White "Tamarin"]
[Black "WillC"]
[Result "1/2-1/2"]
[WhiteElo "1890"]
[BlackElo "1819"]
[Opening "QGD: 4.Nf3"]
[ECO "D37"]
[Time "19:32:51"]
[TimeControl "2700+45"]

1. d4 d5 2. c4 e6 3. Nc3 Nf6 4. Nf3 Be7 5. e3 Nbd7 6. Qc2 b6 7. cxd5 exd5 8. Bd3
Bb7 9. O-O a6 10. Re1 O-O 11. e4 dxe4 12. Bxe4 Nxe4 13. Nxe4 Nf6 14. Nxf6+ Bxf6
15. Bf4 Bxf3 16. gxf3 Qxd4 17. Qxc7 Rfc8 18. Qd6 Qxd6 19. Bxd6 Bxb2 20. Rab1 Bd4
21. Re4 Bc5 22. Bxc5 bxc5 23. Re7 Re8 24. Rc7 Rac8 25. Rbb7 Rxc7 26. Rxc7 g6 27.
Rxc5 Re2 28. Ra5 Re6 29. Kg2 Kg7 30. f4 f5 31. h4 h5 32. Re5 Rd6 33. Kf3 Rd3+
34. Re3 Rd5 35. Ra3 Rd6 36. Ra5 Kf7 37. Kg2 Ke7 38. Re5+ Kd7 39. Ra5 Kc7 40. Re5
Kb6 41. Kf3 a5 42. a4 Rd3+ 43. Re3 Rd6 44. Re5 Rc6 45. Rb5+ Ka6 46. Re5 Rd6 47.
Re7 Kb6 48. Re5 {Game drawn by repetition} 1/2-1/2

[Event "Team 45 45 League T54"]
[Site "Internet Chess Club"]
[Date "2012.08.19"]
[Round "1"]
[White "Innes"]
[Black "badmove"]
[Result "1-0"]
[WhiteElo "1727"]
[BlackElo "1758"]
[Opening "Scotch: Göring gambit"]
[ECO "C44"]
[Time "17:09:22"]
[TimeControl "2700+45"]

1. e4 e5 2. Nf3 Nc6 3. d4 exd4 4. c3 d5 5. exd5 Qxd5 6. cxd4 Bg4 7. Be2 Bb4+ 8.
Nc3 Bxf3 9. Bxf3 Qc4 10. d5 Bxc3+ 11. bxc3 Qxc3+ 12. Bd2 Qe5+ 13. Be3 Qc3+ 14.
Bd2 Qe5+ 15. Be3 Qc3+ 16. Kf1 Ne5 17. Qa4+ c6 18. Rd1 Qc4+ 19. Qxc4 Nxc4 20.
dxc6 Nxe3+ 21. fxe3 b6 22. c7 Rc8 23. Rc1 Ne7 24. Bb7 O-O 25. Bxc8 Rxc8 26. e4
f5 27. Ke2 fxe4 28. Rhd1 Kf7 29. Rd8 Ke6 30. Ke3 Rxc7 31. Rxc7 Nd5+ 32. Kxe4
Nxc7 33. Rh8 h6 34. a4 Na6 35. Ra8 Nc5+ 36. Kd4 Nxa4 37. Rxa7 Nc5 38. Rxg7 Kf6
39. Rg8 Ne6+ 40. Ke3 Nc7 41. Rc8 Nd5+ 42. Kd4 Ne7 43. Rc2 Nf5+ 44. Kc3 Ne3 45.
Rf2+ Kg5 46. Rf3 Nd5+ 47. Kc4 Nc7 48. Rf7 Ne6 49. Kb5 Nf4 50. Kxb6 h5 51. Rg7+
Kf6 52. Rg8 Kf5 53. Kc5 Ng6 54. Kd4 Ne5 55. h4 Nf7 56. Rf8 Kg6 57. Ke4 Kg7 58.
Rxf7+ Kxf7 59. Kf5 Kg7 60. Kg5 Kh7 61. Kxh5 Kh8 62. Kh6 Kg8 63. Kg6 Kh8 64. g4
Kg8 65. g5 Kh8 66. Kf7 {Black resigns} 1-0

[Event "Team 45 45 League T54"]
[Site "Internet Chess Club"]
[Date "2012.08.18"]
[Round "1"]
[White "Schack"]
[Black "Packerfan"]
[Result "0-1"]
[WhiteElo "1683"]
[BlackElo "1846"]
[Opening "Ruy Lopez: closed, Averbach variation"]
[ECO "C79"]
[Time "10:00:36"]
[TimeControl "2700+45"]

1. e4 e5 2. Nf3 Nc6 3. Bb5 a6 4. Ba4 Nf6 5. O-O d6 6. Re1 Be7 7. c3 O-O 8. h3 b5
9. Bc2 Bb7 10. d4 exd4 11. cxd4 Nb4 12. Bd2 Nxc2 13. Qxc2 Re8 14. b4 Nd7 15. Bc3
Nb6 16. Nbd2 Na4 17. Rac1 Nxc3 18. Qxc3 Rc8 19. d5 Bf6 20. Qd3 c6 21. dxc6 Rxc6
22. Rxc6 Bxc6 23. Nd4 Bb7 24. N2b3 d5 25. Nf5 dxe4 26. Qxd8 Rxd8 27. Nc5 Bc8 28.
Ng3 Bc3 29. Rxe4 Rd1+ 30. Kh2 Kf8 31. Ne2 Bb2 32. a4 bxa4 33. Nxa4 Rd2 34. Nxb2
Rxb2 35. Nc3 Rxf2 36. Re2 Rxe2 37. Nxe2 Ke7 38. Kg3 Kd6 39. Nc3 Ke5 40. b5 a5
41. Kf3 Kd4 42. Na4 Kc4 43. Nb6+ Kxb5 44. Nxc8 a4 45. Nd6+ Kb4 46. Nf5 a3 47.
Nd4 a2 48. Ke3 Kc3 {White resigns} 0-1

[Event "Team 45 45 League T54"]
[Site "Internet Chess Club"]
[Date "2012.08.21"]
[Round "1"]
[White "mitus"]
[Black "JustinL"]
[Result "1/2-1/2"]
[WhiteElo "1813"]
[BlackElo "1832"]
[Opening "Ruy Lopez: classical defense, Boden variation"]
[ECO "C64"]
[Time "10:01:57"]
[TimeControl "2700+45"]

1. e4 e5 2. Nf3 Nc6 3. Bb5 Bc5 4. c3 Qe7 5. O-O a6 6. Bxc6 dxc6 7. d4 exd4 8.
cxd4 Bb6 9. Bg5 f6 10. Bh4 g5 11. Bg3 Bg4 12. h3 Bh5 13. Re1 O-O-O 14. d5 cxd5
15. exd5 Bxf3 16. gxf3 Rxd5 17. Qc1 Qd7 18. Nc3 Rd3 19. Kg2 Ne7 20. Ne4 Nc6 21.
Rd1 Rxd1 22. Qxd1 Qe6 23. Nc3 Rd8 24. Qe1 Re8 25. Qxe6+ Rxe6 26. Rd1 Bd4 27. Rd2
f5 28. f4 gxf4 29. Bxf4 Rg6+ 30. Kf1 Be5 31. Bxe5 Nxe5 32. Rd5 Nc4 33. b3 Nd6
34. Ne2 c6 35. Re5 Kd7 36. Nd4 Rf6 37. Rc5 f4 38. Rh5 h6 39. Ke2 b6 40. b4 Ne4
41. a3 f3+ 42. Ke3 Nd6 43. Kd3 Nf7 44. Ke3 Nd6 45. Kd3 Nb5 46. Nxb5 axb5 47. Ke3
Kd6 48. Kd4 Ke6 49. Re5+ Kd6 50. Rh5 Ke6 51. Re5+ Kf7 52. Kd3 Kg6 53. Ke3 h5 54.
h4 Rd6 55. Rg5+ Kh6 56. Re5 Rf6 57. Ke4 Rd6 58. Ke3 {Game drawn by mutual
agreement} 1/2-1/2

[Event "Team 45 45 League T54"]
[Site "Internet Chess Club"]
[Date "2012.08.19"]
[Round "1"]
[White "LittleButton"]
[Black "KingOfKings"]
[Result "1-0"]
[WhiteElo "1772"]
[BlackElo "1522"]
[Opening "French: advance, Milner-Barry gambit"]
[ECO "C02"]
[Time "04:00:13"]
[TimeControl "2700+45"]

1. e4 e6 2. d4 d5 3. e5 c5 4. c3 Nc6 5. Nf3 Qb6 6. Bd3 cxd4 7. cxd4 Bd7 8. O-O
Nxd4 9. Nbd2 Nc6 10. Nb3 Qc7 11. Bf4 Nge7 12. Rc1 Ng6 13. Bxg6 hxg6 14. Nbd4 a6
15. Qd2 Qa5 16. Qxa5 Nxa5 17. Rc7 Rc8 18. Rfc1 Kd8 19. Rxc8+ Bxc8 20. Ng5 Rh5
21. Nxf7+ Kd7 22. Ng5 Nc6 23. Ngxe6 Be7 24. Nxc6 bxc6 25. Nc5+ Kd8 26. b4 Rf5
27. Bg3 Bg5 28. Rc2 Rf8 29. Nb3 Kd7 30. Nd4 Bb7 31. a4 Rc8 32. Nb3 Be7 33. Nc5+
Bxc5 34. bxc5 Ke6 35. Rb2 Rc7 36. a5 d4 37. Kf1 Rd7 38. Ke2 Kd5 39. Kd3 Kxc5 40.
e6 Re7 41. Bh4 Rxe6 42. Rxb7 Kd5 43. Rd7+ Kc5 44. Rxd4 Kb5 45. Bd8 c5 46. Rd5
Kc6 47. Rg5 Rd6+ 48. Kc4 Rd4+ 49. Kc3 Rxd8 50. Rxg6+ Kb5 51. Rxg7 Rd4 52. Rb7+
Kxa5 53. h3 Rb4 54. Rxb4 cxb4+ 55. Kb2 Kb5 56. h4 a5 57. h5 a4 58. h6 Kc4 59. h7
{Black resigns} 1-0

[Event "Team 45 45 League T54"]
[Site "Internet Chess Club"]
[Date "2012.08.18"]
[Round "1"]
[White "hcube"]
[Black "bayoumicardio10"]
[Result "1-0"]
[WhiteElo "1683"]
[BlackElo "1621"]
[Opening "Pirc defense"]
[ECO "B07"]
[Time "17:06:31"]
[TimeControl "2700+45"]

1. e4 d6 2. d4 Nf6 3. Nc3 g6 4. h3 c5 5. dxc5 Qa5 6. Bd3 Qxc5 7. Be3 Qa5 8. Qd2
Nc6 9. Nf3 Bd7 10. O-O Rc8 11. Rae1 Nb4 12. a3 Nxd3 13. cxd3 Bg7 14. d4 Bb5 15.
Nxb5 Qxb5 16. Bf4 O-O 17. Bh6 Rc7 18. e5 dxe5 19. dxe5 Nd7 20. Bxg7 Kxg7 21. e6
Nf6 22. exf7 h6 23. Ne5 Rc5 24. Qf4 Qxb2 25. Qg3 g5 26. h4 g4 27. Nxg4 Nxg4 28.
Qxg4+ Kxf7 29. Qe6+ Kg7 30. Qxe7+ Rf7 31. Qxc5 Qf6 32. Qe5 {Black resigns} 1-0

[Event "Team 45 45 League T54"]
[Site "Internet Chess Club"]
[Date "2012.08.19"]
[Round "1"]
[White "Hal2001"]
[Black "fireball"]
[Result "0-1"]
[WhiteElo "1639"]
[BlackElo "1761"]
[Opening "Pirc: Austrian attack"]
[ECO "B09"]
[Time "17:02:50"]
[TimeControl "2700+45"]

1. e4 d6 2. d4 Nf6 3. Nc3 g6 4. f4 Bg7 5. Nf3 O-O 6. Be2 c5 7. O-O cxd4 8. Nxd4
Nbd7 9. Nf3 Nc5 10. e5 dxe5 11. Nxe5 Nfe4 12. Nxe4 Nxe4 13. Be3 Qc7 14. Qd3 Bxe5
15. fxe5 Qxe5 16. Bd4 Qe6 17. Bf3 Ng5 18. Be3 Nxf3+ 19. Rxf3 Qc6 20. Bh6 Re8 21.
Raf1 Bf5 22. Qd4 e5 23. Qc3 Qxc3 24. Rxc3 Rac8 25. Rxc8 Rxc8 26. c3 Be6 27. Rd1
f5 28. Kf2 Kf7 29. Bg5 Rc7 30. Bd8 Rd7 31. Rxd7+ Bxd7 32. g3 Ke6 33. Ke3 h6 34.
c4 g5 35. h4 f4+ 36. gxf4 gxf4+ 37. Kf2 Kf5 38. c5 e4 39. Bc7 Kg4 40. b4 e3+ 41.
Ke2 Bb5+ 42. Ke1 f3 {White resigns} 0-1